[Event "Chess Festival Groningen 2023 | A"]
[Site "Groningen, Netherlands"]
[Date "2023.12.28"]
[Round "7.12"]
[White "Bulmaga, Irina"]
[Black "Aashman, Gupta"]
[Result "1-0"]
[TimeControl "90min/40moves + 30min + 30sec/move"]
[BlackFideId "45022500"]
[WhiteElo "2439"]
[BlackElo "2235"]

1. e4 e5 2. Nf3 Nc6 3. Bc4 Nf6 4. d3 Be7 5. O-O O-O 6. Re1 d6 7. a4 Na5 8. Ba2 c5 9. Na3 Be6 10.
Bxe6 fxe6 11. c3 Nc6 12. Bd2 Nh5 13. b4 cxb4 14. cxb4 Qe8 15. b5 Nd8 16. Nc4 Qg6 17. Be3 Nf4 18.
Bxf4 Rxf4 19. Rc1 Nf7 20. Rc2 Rf8 21. Re3 Qh5 22. Rd2 Nh6 23. h3 g5 24. d4 g4 25. Nh2 exd4 26. Rg3 e5 27.
Nxg4 Nxg4 28. Rxg4+ Rxg4 29. hxg4 Qf7 30. Qe2 Qe6 31. Rc2 Kh8 32. Na5 Qd7 33. Nb3 Rc8 34. Rc4 Kg7 35. Nd2 Bg5 36.
Nf3 Qxg4 37. Qc2 Rxc4 38. Qxc4 Bd8 39. Qd5 Qg6 40. Qxb7+ Qf7 41. Qc8 Qc7 42. Qxc7+ Bxc7 43. Kf1 Kf6 44.
Ke2 Ke6 45. Kd3 h6 46. Kc4 Ba5 47. Ng1 Be1 48. f3 Ba5 49. Ne2 Bd2 50. Kd3 Be1 51. Kc4 Bd2 52. Ng3 Be1 53. Nf5 d5+ 54.
Kd3 dxe4+ 55. fxe4 h5 56. Ng7+ Kf7 57. Nxh5 Kg6 58. Ng3 Ba5 59. Nf5 Kf6 60. Nd6 Ke6 61. Nc8 Kd7 62. Nxa7 1-0

[Event "Chess Festival Groningen 2023 | A"]
[Site "Groningen, Netherlands"]
[Date "2023.12.28"]
[Round "7.13"]
[White "De Winter, Arthur"]
[Black "Keuning, Selwin"]
[Result "1-0"]
[TimeControl "90min/40moves + 30min + 30sec/move"]
[WhiteElo "2405"]
[BlackElo "2139"]

1. e4 c5 2. Nf3 Nc6 3. Bb5 g6 4. O-O Bg7 5. d3 e5 6. a3 Nge7 7. b4 Nd4 8. Nxd4 cxd4 9. f4 exf4 10.
Bxf4 Qb6 11. Bc4 O-O 12. Nd2 d6 13. Bd5 Be6 14. Nc4 Qd8 15. Bxe6 fxe6 16. Qg4 Qd7 17. Nxd6 Nc6 18. b5 Ne5 19.
Bxe5 Bxe5 20. Nc4 Bc7 21. a4 Rae8 22. h4 Qg7 23. Rxf8+ Qxf8 24. e5 Qf5 25. Qxd4 Rd8 26. Qf2 1-0

[Event "Chess Festival Groningen 2023 | A"]
[Site "Groningen, Netherlands"]
[Date "2023.12.28"]
[Round "7.14"]
[White "Slagboom, Leandro"]
[Black "Van Foreest, Machteld"]
[Result "1/2-1/2"]
[TimeControl "90min/40moves + 30min + 30sec/move"]
[WhiteElo "2304"]
[BlackElo "2344"]

1. e4 c6 2. d4 d5 3. e5 c5 4. c3 Nc6 5. Be2 cxd4 6. cxd4 Bf5 7. Nc3 e6 8. Be3 Rc8 9. Rc1 Bb4 10.
a3 Bxc3+ 11. Rxc3 Nge7 12. Nf3 O-O 13. O-O Qd7 14. Qd2 Nb8 15. Rfc1 Rxc3 16. Rxc3 Rc8 17. Bg5 Nbc6 18. Bb5 Be4 19.
Bxe7 Qxe7 20. Bxc6 Rxc6 21. Rxc6 bxc6 22. Qc3 Bxf3 23. gxf3 1/2-1/2

[Event "Chess Festival Groningen 2023 | A"]
[Site "Groningen, Netherlands"]
[Date "2023.12.28"]
[Round "7.15"]
[White "Stremavicius, Pijus"]
[Black "Mierins, Emils Janis"]
[Result "1-0"]
[TimeControl "90min/40moves + 30min + 30sec/move"]
[WhiteElo "2367"]
[BlackElo "2258"]

1. b3 d5 2. Bb2 c5 3. e3 Nf6 4. Nf3 e6 5.
c4 Be7 6. cxd5 exd5 7. Be2 O-O 8. O-O Nc6 9. d4 Ne4 10. dxc5 Bxc5 11. Nc3 Be6 12. Rc1 Bb6 13. Nb5 Rc8 14.
Nbd4 Qe7 15. Nxc6 Rxc6 16. Nd4 Rxc1 17. Qxc1 Rc8 18. Qa1 Bd7 19. Bd3 Qg5 20. Nf3 Qh6 21. Bd4 Bg4 22. Rc1 Rxc1+ 23. Qxc1 Qd6 24. Bxb6 Qxb6 25. Nd4 Nf6 26. h3 Bd7 27. Qa3 g6 28. Qe7 Kg7 29. g4 h6 30. b4 a5 31. a3 axb4 32.
axb4 Qa7 33. Bb5 Qa1+ 34. Kg2 Bxb5 35. Nxb5 Ne4 36. Nc7 Ng5 37. h4 Qd1 38. Ne8+ 1-0

[Event "Chess Festival Groningen 2023 | A"]
[Site "Groningen, Netherlands"]
[Date "2023.12.28"]
[Round "7.16"]
[White "Sanket, Chakravarty"]
[Black "Toktomushev, Teimur"]
[Result "1/2-1/2"]
[TimeControl "90min/40moves + 30min + 30sec/move"]
[WhiteFideId "25032038"]
[WhiteElo "2361"]
[BlackElo "2249"]

1. e4 c5 2. Nf3 e6 3. c3 d5 4. exd5 Qxd5 5. d4 Nf6 6. Na3 Nc6 7. Be3 cxd4 8. Nb5 Qd8 9. Nbxd4 Nd5 10.
Nxc6 bxc6 11. Bd2 Qb6 12. Ne5 Qc7 13. Nd3 c5 14. c4 Nb4 15. Nxb4 cxb4 16. Qg4 Qe5+ 17. Be2 Bb7 18. O-O-O h5 19.
Qg3 Qxe2 20. Qc7 Bd6 21. Qxb7 Qxc4+ 22. Kb1 O-O 23. Qf3 Rac8 24. Qxh5 Qc2+ 25. Ka1 Rc5 26. Qg4 Rfc8 27. Be3 Be5 28.
Qxb4 R5c6 29. Qb5 Bf6 30. Rb1 a6 31. Qb3 Qe2 32. Rhe1 Qg4 33. g3 a5 34. Rbc1 a4 35. Rxc6 Rxc6 36.
Qb8+ Kh7 37. a3 Rc2 38. Rb1 Qe2 39. Qb4 Rc4 40. Qd2 Qg4 41. Qd3+ Re4 42. Bd4 Qe2 43. Qxe2 Rxe2 44. Bxf6 gxf6 45.
b4 axb3 46. Rxb3 Rxf2 47. Rb2 Rf5 48. a4 Ra5 49. Ra2 f5 50. Kb2 Kg6 51. Kc3 e5 52. Kb4 Ra8 53. a5 f4 54. gxf4 exf4 55.
a6 Kf5 56. Kb5 f3 57. a7 Kf4 58. Kb6 Ke3 59. Kb7 f2 60. Ra1 Re8 61. a8=Q Rxa8 62. Kxa8 Ke2 63. h4 f1=Q 64. Rxf1 Kxf1 65.
h5 f5 66. h6 f4 67. h7 f3 68. h8=Q f2 69. Qh2 Ke1 70. Qg3 Ke2 71. Qg2 Ke1 72. Qe4+ Kf1 73. Kb7 Kg1 74. Qg4+ Kh1 75.
Qf3+ Kg1 76. Qg3+ Kh1 77. Qxf2 1/2-1/2

[Event "Chess Festival Groningen 2023 | A"]
[Site "Groningen, Netherlands"]
[Date "2023.12.28"]
[Round "7.17"]
[White "Nagarkatte, Vedant"]
[Black "Jacobs, Florian"]
[Result "0-1"]
[TimeControl "90min/40moves + 30min + 30sec/move"]
[WhiteFideId "25636227"]
[WhiteElo "2320"]
[BlackElo "2218"]

1. e4 e5 2. Nf3 Nc6 3. Bc4 Bc5 4. c3 Nf6 5. d3 d6 6. O-O a6 7. a4 Ba7 8. h3 h6 9. Re1 g5 10.
Nh2 g4 11. hxg4 Rg8 12. g5 hxg5 13. Be3 Bxe3 14. Rxe3 Rh8 15. Nd2 Rh6 16. Ndf1 Ke7 17. d4 Qh8 18. Be2 Qh7 19. d5 Na7 20.
Rg3 Bd7 21. f3 Rh8 22. Qd2 g4 23. Nxg4 Bxg4 24. Rxg4 Nxg4 25. fxg4 Rh1+ 26. Kf2 Qh4+ 27. Ke3 Qg5+ 28. Kd3 Qxd2+ 29. Kxd2 Rg1 30. Bf3 Nc8 31. Ke2 Nb6 32. Kf2 Rgh1 33. b3 Nd7 34. b4 Kf6 35. Ra2 Kg5 36. Ne3 Rc1 37. c4 Rb1 38.
c5 Rxb4 39. cxd6 cxd6 40. Nf5 Nc5 41. Nxd6 Kg6 42. Rc2 Rb2 43. Rxb2 Nd3+ 44. Ke3 Nxb2 45. Nxb7 Nxa4 46. Be2 Ra8 47. Na5 Nc5 48. Bc4 f6 49.
Bd3 Kg5 50. Be2 Rb8 51. Bc4 Rb4 52. Bd3 Kxg4 53. Be2+ Kg3 54. Bf3 Ra4 55. Nc6 Ra3+ 56. Ke2 Kf4 57. Nd8 Ra2+ 58. Kd1 Ke3 59.
Ne6 Nd3 0-1

[Event "Chess Festival Groningen 2023 | A"]
[Site "Groningen, Netherlands"]
[Date "2023.12.28"]
[Round "7.18"]
[White "Elgersma, Onno"]
[Black "Van Helvoort, Rob"]
[Result "1-0"]
[TimeControl "90min/40moves + 30min + 30sec/move"]
[WhiteElo "2310"]
[BlackElo "2098"]

1. e4 e6 2. d4 d5 3. Nd2 dxe4 4. Nxe4 Bd7 5. Nf3 Bc6 6. Bd3 Nd7 7. O-O Ngf6 8. Ng3 Be7 9. Re1 O-O 10.
c3 Bxf3 11. Qxf3 c6 12. Bc2 Re8 13. a4 a5 14. Bd2 c5 15. dxc5 Nxc5 16. Rad1 Qd5 17. Qe2 Qc6 18. Qc4 Qb6 19.
Bc1 Rac8 20. Qe2 Qc6 21. Rd4 Red8 22. Rh4 g6 23. Bg5 Rd5 24. Qe3 Rxg5 25. Qxg5 Nd5 26. Qh6 Bxh4 27. Qxh4 Qb6 28.
Rb1 Qc7 29. Ne2 Nd7 30. Nd4 e5 31. Nf3 Kg7 32. Rd1 N7b6 33. Qe4 Nf6 34. Qxe5 Nc4 35. Qxc7 Rxc7 36. Rb1 Rd7 37. Nd4 Nd5 38. g3 Nb4 39. Rd1 Nxc2 40.
Ne6+ Kf6 41. Rxd7 Kxe6 42. Rxb7 Ne1 43. b4 Nd3 44. bxa5 Nxa5 45. Rb5 Nc6 46. a5 Kd6 47. Rb7 Nxa5 48.
Rxf7 Nb3 49. Rxh7 Ke5 50. f4+ Kf5 51. Kf1 Ke4 52. Ke2 Ndc1+ 53. Kd1 Nd3 54. Re7+ Kf3 55. Kc2 Nbc5 56. Re8 Nf2 57.
Rg8 Ng4 58. Rxg6 Ne4 59. h3 Ne3+ 60. Kd3 Nf2+ 61. Kd4 Nf5+ 62. Ke5 Nxg3 63. Rxg3+ Kxg3 64. f5 Kxh3 65. f6 Ng4+ 66. Ke6 Nh6 67.
c4 Kg4 68. c5 Kg5 69. f7 Nxf7 70. Kxf7 Kf5 71. c6 1-0

[Event "Chess Festival Groningen 2023 | A"]
[Site "Groningen, Netherlands"]
[Date "2023.12.28"]
[Round "7.19"]
[White "Francs, Marats"]
[Black "De Jong, Migchiel"]
[Result "1/2-1/2"]
[TimeControl "90min/40moves + 30min + 30sec/move"]
[WhiteElo "1990"]
[BlackElo "2301"]

1. e4 e6 2. d4 d5 3. Nc3 Bb4 4. e5 c5 5. a3 Bxc3+ 6. bxc3 Qc7 7. Qg4 f5 8. Qg3 Nc6 9. Ne2 cxd4 10. cxd4 Nge7 11. h4 O-O 12. c3 Bd7 13. Nf4 Rf7 14. Be2 Na5 15.
Rb1 Rc8 16. Rh3 Nc4 17. h5 b5 18. h6 g6 19. Nh5 Kh8 20. Nf6 Ng8 21. Nxg8 Rxg8 22. Bxc4 Qxc4 23. Qd3 Qxd3 24. Rxd3 Rc8 25. Bg5 Be8 26. Kd2 Rc4 27.
Kc2 Rfc7 28. Bd8 Rc8 29.
Be7 a5 30. Kb2 Kg8 31. g4 fxg4 32. Rg1 g5 33. Rxg4 Bg6 34. Rdg3 R8c7 35. Bd6 Rf7 36. f3 Rf5 37. Rxg5 Rxg5 38. Rxg5 Rc8 39. Rg3 a4 40. Rg1 Kf7 41. Rg3 Rg8 42. f4 Be4 43. Rxg8 Kxg8 44. Be7 Kf7 45. Bf6 Kg6 46. Bg5 Bd3 47. Kc1 Kf5 48. Kd2 Bc4 1/2-1/2

[Event "Chess Festival Groningen 2023 | A"]
[Site "Groningen, Netherlands"]
[Date "2023.12.28"]
[Round "7.20"]
[White "Jaiveer, Mahendru"]
[Black "Kanyamarala, Trisha"]
[Result "1-0"]
[TimeControl "90min/40moves + 30min + 30sec/move"]
[WhiteFideId "25611151"]
[WhiteElo "2294"]
[BlackElo "2184"]

1. e4 c5 2. Nf3 Nc6 3. d4 cxd4 4. Nxd4 e5 5. Nb5 d6 6.
N1c3 a6 7. Na3 Be7 8. Be3 Nf6 9. Nd5 Nxd5 10.
exd5 Nd4 11. Bxd4 exd4 12. Qxd4 O-O 13.
O-O-O Bf6 14. Qd2 b5 15. Bd3 Bd7 16. Rhe1 Rc8 17. h3 Rc5 18. f4 Qc7 19. g4 b4 20. Nb1 Qa5 21. Re4 Rb8 22.
Bc4 Qc7 23. Qe2 g6 24. Nd2 Rc8 25. Kb1 Bb5 26. g5 Bxb2 27. Bxb5 axb5 28. Re8+ Rxe8 29. Qxe8+ Kg7 30. Qe4 f5 31. Qd3 Bc3 32. Re1 Qa7 33. Qe3 Qf7 34. Nb3 Rxd5 35. Rh1 Kf8 36.
h4 Qe7 37. Qb6 h5 38. gxh6 Kg8 39. h5 g5 40. fxg5 Re5 41. g6 Qf8 42. h7+ Kg7 43. h8=Q+ Qxh8 44. Qxd6 Qh6 45. Nd4 Bxd4 46.
Qxd4 Qe3 47. h6+ Kxg6 48. Qxe3 Rxe3 49. h7 1-0

[Event "Chess Festival Groningen 2023 | A"]
[Site "Groningen, Netherlands"]
[Date "2023.12.28"]
[Round "7.21"]
[White "Smeets, Kobe"]
[Black "Goudriaan, Rafael"]
[Result "1-0"]
[TimeControl "90min/40moves + 30min + 30sec/move"]
[WhiteElo "2239"]
[BlackElo "2039"]

1. e4 c6 2. d4 d5 3. e5 c5 4. dxc5 e6 5. Nf3 Bxc5 6. a3 Ne7 7. b4 Bb6 8. Bb2 a5 9. Nbd2 axb4 10. axb4 Rxa1 11. Qxa1 O-O 12. Bd3 Na6 13.
Qa3 Ng6 14. g3 Qe7 15. Bxa6 bxa6 16. h4 Qa7 17. O-O Ne7 18. Nb3 Bd7 19. Bd4 Nf5 20. Bxb6 Qxb6 21. Nc5 Bb5 22. Ra1 h5 23. Qc3 Bc4 24. Nd7 Nxg3 25. Qxc4 Qa7 26.
Qd3 Ne4 27. Nc5 Nxc5 28. bxc5 1-0

[Event "Chess Festival Groningen 2023 | A"]
[Site "Groningen, Netherlands"]
[Date "2023.12.28"]
[Round "7.22"]
[White "Labruyere, Roger"]
[Black "Boeren, Jurriaan"]
[Result "1/2-1/2"]
[TimeControl "90min/40moves + 30min + 30sec/move"]
[WhiteElo "2208"]
[BlackElo "2102"]

1. d4 Nf6 2. c4 e6 3. Nc3 d5 4.
Nf3 a6 5. cxd5 exd5 6. Bg5 Be6 7. e3 Nbd7 8. Bd3 Bd6 9. O-O c6 10. Ne2 h6 11. Bf4 Qc7 12. b4 O-O 13. a4 Bg4 14.
Qc2 Nh5 15. Bxd6 Qxd6 16. Nd2 Bxe2 17. Bxe2 Nhf6 18. Rab1 Rfe8 19. Rfc1 g6 20. b5 cxb5 21. axb5 a5 22. Qa2 Rec8 23.
Rxc8+ Rxc8 24. Qxa5 Rc2 25. Bd3 Rc8 26. h3 Kg7 27. Nb3 b6 28. Qa1 h5 29. Rc1 Rxc1+ 30. Qxc1 Qb4 31. Nd2 Qa5 32. Nf3 Qb4 33. Qc6 Qa3 34. Bf1 Qb2 35.
Ne1 Qa1 36. Nd3 Ne4 37. Qc2 Ndf6 38. Nb2 Qe1 39. Qe2 Qa1 40. Nd3 Qb1 41. Qb2 Qd1 42. Qc1 Qb3 43. Qc7 Qxb5 44. Ne5 Qe8 45.
Qxb6 Qc8 46. Qa7 Qe6 47. Bd3 Kg8 48. Qb8+ Kg7 49. Qb7 Kg8 50. Bb1 g5 51. f3 Nd6 52. Qc7 Nfe8 53. Qc2 Nf6 54.
Qd2 g4 55. hxg4 hxg4 56. Qf2 gxf3 57. Qg3+ Kf8 58. gxf3 Nf5 59. Qf4 Ne7 60. Bd3 Nc6 61. Bf5 Qe8 62. Qh6+ Ke7 63. Bd7 Qg8+ 64.
Bg4 Nxe5 65. dxe5 Ne4 66. Qc6 Qg5 67. Qd7+ Kf8 68. fxe4 Qxe3+ 69. Kh2 Qf4+ 70. Kh3 Qe3+ 71.
Kh4 Qh6+ 72. Bh5 Qf4+ 73. Qg4 Qxe5 74. exd5 Qxd5 75. Qg5 Qxg5+ 76. Kxg5 f6+ 77. Kf5 Kg7 78. Bg6 Kh8 79. Kxf6 1/2-1/2

[Event "Chess Festival Groningen 2023 | A"]
[Site "Groningen, Netherlands"]
[Date "2023.12.28"]
[Round "7.23"]
[White "Albers, Sasa"]
[Black "Arnold, Rhys"]
[Result "1-0"]
[TimeControl "90min/40moves + 30min + 30sec/move"]
[WhiteElo "2192"]
[BlackElo "2053"]

1. e4 c5 2. Nf3 Nc6 3.
d4 cxd4 4. Nxd4 Nf6 5. Nc3 e5 6. Ndb5 d6 7. Bg5 a6 8. Na3 b5 9.
Nd5 Be7 10. Bxf6 Bxf6 11. c4 b4 12. Nc2 O-O 13. g3 Bg5 14. h4 Bh6 15. g4 Bf4 16. Qf3 Be6 17. Be2 a5 18. Nxf4 exf4 19.
Qxf4 a4 20. Rd1 b3 21. axb3 axb3 22. Ne3 Ne5 23. O-O Rc8 24. Rd4 Qxh4 25. Rfd1 g5 26. Qf6 Nd7 27. Qe7 Ne5 28. Qxd6 Nc6 29.
Rd5 Rfd8 30. Qc5 Bxd5 31. Nf5 Qh3 32. Rxd5 Rxd5 33. exd5 Ra8 34. Ne3 Ne5 35. d6 Nf3+ 36. Bxf3 Qxf3 37.
Qxg5+ Kh8 38. d7 Ra1+ 39. Nf1 Rxf1+ 40. Kxf1 Qd1+ 41. Kg2 Qxd7 42. f3 Qd4 43. Qc1 Qd3 44. Kg3 Qc2 45. Qh6 Kg8 46. Qg5+ Kf8 47. Qd8+ Kg7 48. Qd4+ Kg8 49. c5 Qc1 50. Qe5 h6 51.
Qd4 Qe1+ 52. Kf4 Qe6 53. Qc3 Kh7 54. c6 Qd6+ 55. Ke3 Qe7+ 56. Kd2 Qg5+ 57. Ke2 Qe7+ 58. Qe3 Qc7 59. Qxb3 Qxc6 60.
Qxf7+ Kh8 61. Qf8+ Kh7 62. Qe7+ Kg8 63.
b4 Qc2+ 64. Ke3 Qc1+ 65. Kf2 Qh1 66. Qe8+ Kh7 67. Qd7+ Kg8 68. Qd5+ Kh7 69. b5 Qh2+ 70. Ke3 Qg1+ 71. Kf4 Qc1+ 72. Ke5 Kg6 73. Qg8+ 1-0

[Event "Chess Festival Groningen 2023 | A"]
[Site "Groningen, Netherlands"]
[Date "2023.12.28"]
[Round "7.24"]
[White "Boer, Alef"]
[Black "Nicolai, Amir"]
[Result "1-0"]
[TimeControl "90min/40moves + 30min + 30sec/move"]
[WhiteElo "2017"]
[BlackElo "2156"]

1. e4 e5 2. Nf3 Nc6 3. Bb5 a6 4. Ba4 Nf6 5. d3 b5 6.
Bb3 Bc5 7. Nc3 d6 8. Nd5 h6 9.
c3 O-O 10. O-O Rb8 11. h3 Nxd5 12. Bxd5 Ne7 13. Bb3 Ng6 14. d4 exd4 15. cxd4 Bb6
16. Re1 Re8 17. Bd5 Qf6 18. Bc6 Rd8 19. a4 Bd7 20. axb5 axb5 21. Bxd7 Rxd7 22. d5 Ne5 23. Ra2 Re7 24.
b3 Rbe8 25. Nh2 Nd7 26. Rae2 Qg6 27. Qd3 b4 28. Qc4 Nc5 29. Be3 Qxe4 30. Bd4 Qxe2 31. Rxe2 Rxe2 32. Be3 Re1+ 33. Nf1 Ra8 34.
Kh2 Ra2 35. Ng3 Nd7 36. Qxb4 Rd1 37.
Qg4 1-0

[Event "Chess Festival Groningen 2023 | A"]
[Site "Groningen, Netherlands"]
[Date "2023.12.28"]
[Round "7.25"]
[White "Van Rootselaar, Rik"]
[Black "Adamovics, Aleksejs"]
[Result "1-0"]
[TimeControl "90min/40moves + 30min + 30sec/move"]
[WhiteElo "2105"]
[BlackElo "2015"]

1. d4 Nf6 2. c4 e6 3. g3 c5 4.
d5 exd5 5. cxd5 d6 6. Bg2 g6 7. Nf3 Bg7 8. O-O O-O 9. Nc3 Na6 10. Re1 Nc7 11. a4 Rb8 12.
e4 Bg4 13. Bf4 Nh5 14. Be3 Qd7 15. Qd3 b6 16. Nd2 Bh3 17. Bxh3 Qxh3 18. f3 Qd7 19. g4 Nf6 20. Bf4 Nfe8 21.
Nc4 Bd4+ 22. Kh1 f6 23. Ne2 Be5 24. Bh6 Rf7 25. f4 Bd4 26. Nxd4 cxd4 27. h3 Na6 28. Qxd4 Nc5 29. Rad1 Qxa4 30. e5 fxe5 31.
fxe5 Rf3 32. Kg2 Qb3 33. Re3 Rxe3 34. Nxe3 Qa4 35. b4 Nb3 36. Qf4 Ng7 37.
Rf1 Qe8 38. e6 Rd8 39. Qf7+ Qxf7 40. Rxf7 1-0

[Event "Chess Festival Groningen 2023 | A"]
[Site "Groningen, Netherlands"]
[Date "2023.12.28"]
[Round "7.26"]
[White "Grooten, Herman"]
[Black "Kazarjan, Gachatur"]
[Result "1-0"]
[TimeControl "90min/40moves + 30min + 30sec/move"]
[WhiteElo "2243"]
[BlackElo "2078"]

1. Nf3 d5 2. b3 c5 3. e3 e6 4. Bb2 Nf6 5. Ne5 Be7 6. d3 Nc6 7. Nxc6 bxc6 8. Nd2 O-O 9. Be2 Qc7 10.
O-O Nd7 11. f4 f5 12. Nf3 Bf6 13. Bxf6 Rxf6 14. Qd2 Ba6 15. c4 Re8 16. Rac1 d4 17. exd4 cxd4 18. c5 e5 19. fxe5 Nxe5 20.
Nxd4 Qd7 21. Qc3 Rd8 22. Nc2 Re6 23. Nb4 Nxd3 24. Bxd3 Bxd3 25. Rcd1 Re3 26. Rf3 Qe6 27. Rxd3 Re1+ 28.
Rf1 Rxd3 29. Rxe1 1-0

[Event "Chess Festival Groningen 2023 | A"]
[Site "Groningen, Netherlands"]
[Date "2023.12.28"]
[Round "7.27"]
[White "Kumar, Prajit Sai"]
[Black "Ritzerveld, Noah"]
[Result "0-1"]
[TimeControl "90min/40moves + 30min + 30sec/move"]
[WhiteElo "2172"]
[BlackElo "1997"]

1. d4 d5 2. Nf3 Nf6 3. c4 c6 4. g3 Bf5 5. Nc3 e6 6. Nh4 dxc4 7. Nxf5 exf5 8. e3 Bd6 9. Bxc4 O-O 10. Qf3 g6 11. h3 Qe7 12. g4 c5 13.
dxc5 Bxc5 14. gxf5 Nc6 15. fxg6 hxg6 16. Qg2 Kg7 17. Bd2 Ne5 18. Be2 Rfd8 19. O-O-O Nd3+ 20. Bxd3 Rxd3 21. Kc2 Rad8 22.
Bc1 Qd7 23. Qf3 Bb6 24. b3 Ba5 25. Bb2 Rd2+ 26. Kc1 Qd3 27. Qxf6+ Kxf6 28. Nd5+ Kg5 29. f4+ Kh6 0-1

[Event "Chess Festival Groningen 2023 | A"]
[Site "Groningen, Netherlands"]
[Date "2023.12.28"]
[Round "7.28"]
[White "Ter-Avetisjana, Agnesa Stepania"]
[Black "Bakija, Alan"]
[Result "1/2-1/2"]
[TimeControl "90min/40moves + 30min + 30sec/move"]
[WhiteFideId "11614900"]
[WhiteElo "1974"]
[BlackElo "2010"]

1. e4 e5 2. Nf3 Nc6 3. Nc3 Nf6 4. d4 exd4 5. Nxd4 Bb4 6.
Nxc6 bxc6 7. Bd3 O-O 8. O-O d5 9. exd5 Bg4 10. f3 Bh5 11. dxc6 Qd4+ 12. Kh1 Bxc3 13. bxc3 Qxc3 14. Rb1 Bg6 15. Rb3 Qxc6 16. Bb5 Qxc2 17. Qxc2 Bxc2 18. Rc3 Bf5 19. Rxc7 Rfc8 20. Rxc8+ Rxc8 21.
Be3 Nd5 22. Bxa7 Nc3 23. a4 Nxb5 24.
axb5 Bd3 25. b6 Bxf1 26. b7 Ba6 27.
bxc8=Q+ Bxc8 1/2-1/2

[Event "Chess Festival Groningen 2023 | A"]
[Site "Groningen, Netherlands"]
[Date "2023.12.28"]
[Round "7.29"]
[White "Van Der Leest, Bert"]
[Black "Spit, Vincent"]
[Result "0-1"]
[TimeControl "90min/40moves + 30min + 30sec/move"]
[WhiteFideId "1009460"]
[WhiteElo "2142"]
[BlackElo "2076"]

1. e4 c5 2. Nf3 e6 3. d4 cxd4 4. Nxd4 Nc6 5. Nc3 Qc7 6. Be3 a6 7. Qd2 Nf6 8. f3 Be7 9. O-O-O O-O 10. g4 Nxd4 11.
Bxd4 b5 12. e5 Ne8 13. Ne4 Bb7 14. Bd3 f6 15. f4 f5 16. gxf5 exf5 17. Ng3 Bxh1 18. Rxh1 g6 19. Nxf5 Rxf5 20.
Bxf5 Qc4 21. c3 Qxa2 22. Rg1 Ng7 23. Be4 Rf8 24. Be3 Qa1+ 25. Bb1 Nf5 26. Qd5+ Kh8 27. Bb6 Qa4 28. Rf1 b4 29.
Qc4 Qa1 30. Rd1 bxc3 31. Qxc3 Qa4 32. Bxf5 Qxf4+ 33. Be3 Qxf5 34. e6+ Bf6 35. Bd4 dxe6 36. Bxf6+ Qxf6 37. Rd6 Qxc3+ 38. bxc3 Rf2 39.
Rxe6 Rxh2 40. Rxa6 Kg7 41. Kd1 Kf7 42. Ke1 h5 43. Kf1 Kg7 44. Kg1 Rc2 45. Rc6 Kh6 46. c4 h4 47. c5 Kh5 48. Rc8 g5 49. c6 Kg4 50.
Ra8 Rxc6 51. Ra4+ Kh5 52. Ra5 Rc2 53. Ra4 h3 54. Kh1 g4 55. Ra3 Kh4 56. Rb3 Rf2 57. Ra3 Rf3 58. Ra1 Rf4 59. Kg1 Rb4 60. Kh1 g3 61.
Kg1 h2+ 62. Kg2 Rb2+ 63. Kh1 Kh3 0-1

[Event "Chess Festival Groningen 2023 | A"]
[Site "Groningen, Netherlands"]
[Date "2023.12.28"]
[Round "7.30"]
[White "De Jong, Mathijs"]
[Black "Van Batenburg, Mees"]
[Result "1-0"]
[TimeControl "90min/40moves + 30min + 30sec/move"]
[WhiteElo "2008"]
[BlackElo "2109"]

1. d4 f5 2. Qd3 d5 3. Bf4 Nf6 4.
Nc3 e6 5. Nf3 Bd6 6. Ne5 O-O 7. Nb5 Re8 8. Bg5 Be7 9. h3 Ne4 10. Bxe7 Qxe7 11. g4 Rf8 12. Bg2 c6 13. Nc3 Nd7 14.
Nxd7 Bxd7 15. Bxe4 fxe4 16. Qg3 e5 17.
Qxe5 Qxe5 18. dxe5 Rae8 19. e3 Rxe5 20. Ne2 Re7 21. Rc1 Ref7 22. Rh2 b5 23. b4 Rf6 24. Ra1 a5 25. a3 Ra8 26.
Rb1 Rh6 27. Rg2 Rxh3 28. Kd2 Rh6 29. Kc3 Kf8 30. Kd4 Ke7 31. Kc5 axb4 32. axb4 Ra2 33. Rc1 Kd8 34. g5 Rh4 35. Kd6 Ra6 36.
Rgg1 h6 37. g6 Rh5 38. Nd4 Kc8 39. Ke7 Ra7 40. Ra1 Rb7 41. Ra8+ Kc7 42. Kf7 Kd6 43. Kxg7 Bg4+ 44. Kf6 Rg5 45. Rd8+ Kc7 46. Rh8 Rb6 47.
Rxh6 Rh5 48. Rxh5 1-0

[Event "Chess Festival Groningen 2023 | A"]
[Site "Groningen, Netherlands"]
[Date "2023.12.28"]
[Round "7.31"]
[White "Schuricht, Emil Frederick"]
[Black "Vijayakumar, Rishi"]
[Result "1/2-1/2"]
[TimeControl "90min/40moves + 30min + 30sec/move"]
[WhiteElo "2095"]
[BlackElo "2104"]

1. e4 c6 2. d4 d5 3. exd5 cxd5 4. c4 Nf6 5. Nc3 e6 6. Nf3 Bb4 7. Bd2 O-O 8. a3 Bxc3 9. bxc3 Nc6 10. Bd3 dxc4 11. Bxc4 Qc7 12. Qe2 e5 13. dxe5 Bg4 14. exf6 Rfe8 15. Be3 Ne5 16. Bxf7+ Nxf7 17. O-O Ne5 18. Qa2+ Be6 19. Qd2 Nxf3+ 20. gxf3 Qc6 21. Bd4 Qxf3 22. Qg5 g6 23. Qg3 Bd5 24. Qxf3 Bxf3 25. Rfe1 Kf7 26. Re3 Rxe3 27. fxe3 Rd8 28. Kf2 Bc6 29. Re1 Re8 30. Rg1 a6 31. Rg5 Re4 32. Kg3 Re6 33. Kf2 Re4 34. Rg1 Rh4 35. Kg3 Rh5 36. h4 Rf5 37. Re1 1/2-1/2

[Event "Chess Festival Groningen 2023 | A"]
[Site "Groningen, Netherlands"]
[Date "2023.12.28"]
[Round "7.32"]
[White "Krasenkowa, Elena"]
[Black "Mohtaat, Homayoun"]
[Result "1-0"]
[TimeControl "90min/40moves + 30min + 30sec/move"]
[BlackFideId "11701552"]
[WhiteElo "2109"]
[BlackElo "2013"]

1. d4 Nf6 2. c4 g6 3. Nc3 Bg7 4. e4 d6 5. h3 O-O 6. Nf3 e5 7. d5 a5 8. Bg5 h6 9.
Be3 Na6 10. Be2 Nc5 11. Nd2 b6 12. a3 Bd7 13. b4 axb4 14. axb4 Na6 15. Rb1 Nh7
16. h4 f5 17. f3 f4 18. Bf2 Nf6 19. Bd3 g5 20. hxg5 hxg5 21. Qe2 Kh7 22. c5+ {Notation unreadable [+20] } 1-0

[Event "Chess Festival Groningen 2023 | A"]
[Site "Groningen, Netherlands"]
[Date "2023.12.29"]
[Round "8.1"]
[White "Reinderman, Dimitri"]
[Black "Kazakouski, Valery"]
[Result "1/2-1/2"]
[TimeControl "90min/40moves + 30min + 30sec/move"]
[WhiteElo "2580"]
[BlackElo "2586"]

1. c4 c6 2. e4 d5 3. cxd5 cxd5 4.
exd5 Nf6 5. Nc3 Nxd5 6. Nf3 Nc6 7. Bb5 g6 8. Qa4 Nb6 9. Bxc6+ bxc6 10. Qxc6+ Bd7 11. Qe4 Bg7 12. d4 Rc8 13.
O-O Bc6 14. Qe2 O-O 15. Be3 Nd5 16. Rac1 Qb6 17. Nxd5 Bxd5 18. b3 Bxf3 19. Qxf3 Bxd4 20. Bxd4 Qxd4 21. g3 a5 22. Qb7 Rxc1 23.
Rxc1 Qd2 24. Rc7 Qxa2 25. Rxe7 a4 1/2-1/2

[Event "Chess Festival Groningen 2023 | A"]
[Site "Groningen, Netherlands"]
[Date "2023.12.29"]
[Round "8.2"]
[White "Lahaye, Rick"]
[Black "Romanov, Evgeny"]
[Result "0-1"]
[TimeControl "90min/40moves + 30min + 30sec/move"]
[WhiteElo "2439"]
[BlackElo "2561"]

1. c4 e6 2. Nf3 d5 3. e3 Nf6 4. b3 b6 5. g3 Bb7 6. Bg2 Nbd7 7. O-O Bd6 8. Bb2 Qe7 9. cxd5 exd5 10.
Nd4 O-O 11. Nf5 Qe6 12. Nxd6 cxd6 13. Nc3 Ba6 14. Ne2 Qf5 15. h3 h5 16. Re1 Ne5 17. Nf4 Rac8 18. Bc3 Rfe8 19. a4 Bd3 20.
Rc1 g6 21. Bxe5 dxe5 22. Rxc8 Rxc8 23. Nxd3 Qxd3 24. Bf1 Qc2 25. d4 exd4 26. Qxc2 Rxc2 27. exd4 Rb2 28. Re3 Ne4 29. Bg2 Nxf2 30.
Re7 Ne4 31. Rxa7 Rxb3 32. Rd7 Nf6 33. Rd8+ Kg7 34. g4 hxg4 35. hxg4 Rd3 36. g5 Ng4 37. Rd6 Rd1+ 38. Bf1 Ne3 39.
Kf2 Nxf1 40. Rxb6 Rxd4 41. a5 Rf4+ 0-1

[Event "Chess Festival Groningen 2023 | A"]
[Site "Groningen, Netherlands"]
[Date "2023.12.29"]
[Round "8.3"]
[White "Kanov, Nikola"]
[Black "Tiviakov, Sergei"]
[Result "1/2-1/2"]
[TimeControl "90min/40moves + 30min + 30sec/move"]
[WhiteElo "2371"]
[BlackElo "2536"]

1. e4 d5 2. exd5 Qxd5 3. Nc3 Qd6 4. d4 Nf6 5. Nf3 c6 6. Ne5 Nbd7 7. Nc4 Qc7 8. a4 g6 9. g3 Bg7 10.
Bg2 Nb6 11. Ne5 Be6 12. O-O a5 13. Qe2 Rd8 14. Bf4 Qc8 15. Rad1 O-O 16. b3 c5 17. dxc5 Qxc5 18. Nb5 Nfd5 19.
Nd3 Nxf4 20. Nxf4 Bf5 21. c4 e5 22. Nd3 Qe7 23. Qe3 Bxd3 24. Rxd3 Rxd3 25. Qxd3 Nd7 26. Rd1 Nc5 27. Qe3 f5 28.
Rd6 Rc8 29. Bd5+ Kh8 30. h4 e4 31. f4 Bf8 32. Qc3+ Qg7 33. Rb6 Qxc3 34. Nxc3 Rc7 35. Kf1 Nd7 36. Rxb7 Rxb7 37. Bxb7 Nc5 38.
Bc8 Nxb3 39. g4 Bb4 40. Nd5 fxg4 41. Bxg4 Bc5 42. Nc3 e3 43. Ne4 Bb6 44. h5 Nd4 45. hxg6 hxg6 46. Nc3 Bc5 47.
Nd5 Nb3 48. Ke2 Nc1+ 49. Kd1 Nd3 50. Ke2 Nb2 51. Bd7 Nxc4 52. Bb5 Nb6 1/2-1/2